 Dungeon Crawl Stone Soup version 0.28-a0-1212-gc6b4282bc0 (webtiles) character file.

Game seed: 4467029994163070451

177 BinkBink the Slasher (level 5, 0/61 HPs)
             Began as a Demonspawn Chaos Knight on Dec 21, 2021.
             Was a Plaything of Xom.
             Succumbed to a water moccasin's poison
             ... on level 3 of the Dungeon.
             The game lasted 00:03:29 (2138 turns).

BinkBink the Slasher (Demonspawn Chaos Knight)      Turns: 2138, Time: 00:03:30

Health: 0/61       AC:  8    Str: 12      XL:     5   Next: 30%
Magic:  5/5        EV: 11    Int: 11 (13) God:    Xom [..*...]
Gold:   58         SH:  4    Dex: 15      Spells: 4/4 levels left

rFire   . . .      SeeInvis .   a - +0 falchion (chaos)
rCold   . . .      Faith    .   (no shield)
rNeg    . . .      Spirit   .   b - +2 leather armour
rPois   .          Reflect  .   e - +1 hat
rElec   .          Harm     .   (no cloak)
rCorr   .          Rampage  .   i - +1 pair of gloves
Will    .....                   (no boots)
Stlth   ..........              (no amulet)
HPRegen 0.20/turn               (no ring)
MPRegen 0.09/turn               (no ring)

@: berserking (expiring), lethally poisoned (0 -> -7), hasted, very quick
A: condensation shield, demonic touch 1
a: Renounce Religion


You were on level 3 of the Dungeon.
You worshipped Xom.
You were a toy of Xom.
You visited 1 branch of the dungeon, and saw 3 of its levels.

You collected 58 gold pieces.

Inventory:

Hand Weapons
 a - a +0 falchion of chaos (weapon)
Armour
 b - a +2 leather armour (worn)
 e - a +1 hat (worn)
 i - a +1 pair of gloves (worn)
Scrolls
 g - a scroll of enchant weapon {unknown}
 h - a scroll of teleportation {unknown}
 j - a scroll of fog {unknown}
 l - a scroll of identify {unknown}
 m - a scroll of immolation {unknown}
Potions
 k - a potion of mutation {unknown}
 n - a potion of curing {unknown}


   Skills:
 - Level 3.0 Fighting
 + Level 5.5 Long Blades
 - Level 1.7 Armour
 - Level 0.8 Dodging


You had 4 spell levels left.
You didn't know any spells.
Your spell library contained the following spells:

 Spells                   Type           Power      Damage    Failure   Level
 Corpse Rot               Necr/Air       0%         N/A       56%         2
 Poisonous Vapours        Pois/Air       0%         N/A       56%         2
 Ozocubu's Armour         Ice            0%         N/A       80%         3
 Ozocubu's Refrigeration  Ice            0%         4d5       100%        7


Dungeon Overview and Level Annotations

Branches:
Dungeon (3/15)

Altars:


Innate Abilities, Weirdness & Mutations

A meltable shield of frost defends you. (SH +4)
Your touch may inflict minor irresistible damage on your foes.


Message History

It was a potion of degeneration.
There was something very wrong with that liquid.
You feel weakened.
You feel dopey.
You feel clumsy.
* * * LOW HITPOINT WARNING * * *
You feel very sick. The water moccasin barely misses you.
It was a potion of berserk rage.
A red film seems to cover your vision as you go berserk!
You feel yourself moving faster!
You feel mighty!
Xom thinks this is hilarious!
* * * LOW HITPOINT WARNING * * *
You feel sick. The water moccasin closely misses you.
You are too berserk!
You slash the water moccasin! You burn the water moccasin.
The water moccasin is heavily wounded.
* * * LOW HITPOINT WARNING * * *
You feel very sick.
Xom snickers.
A monocle briefly appears over your right eye.
The water moccasin bites you but does no damage.
You slash the water moccasin!
Lightning courses through the water moccasin!
You kill the water moccasin!
* * * LOW HITPOINT WARNING * * *
You feel very sick.
You feel your strength returning.
You feel your intelligence returning.
You feel your dexterity returning.
Your Long Blades skill increases to level 5!
You have reached level 5!
You are too berserk!
You are too berserk!
You are too berserk!
Found an escape hatch in the ceiling.
* * * LOW HITPOINT WARNING * * *
You feel sick.
You feel a strong urge to attack something.
* * * LOW HITPOINT WARNING * * *
You feel sick.
You die...
Xom snickers!

### ..# #.# #.# ##.##
#.# #...# #######.####
#...# ..<....<...# #...#
.......@.#.######...####
..#..##..#.##...........
# ##................
#.#.##...†.......
......†.######...####
.###...## #>..# #.....
####...### ##...##
#........# ##.##
#..##.#..##


There were no monsters in sight!

Vanquished Creatures
  A water moccasin (D:3)
  An adder (D:3)
  A worm (D:3)
  2 dart slugs
  7 bats
  5 endoplasms
  4 giant cockroaches
  2 goblins
  7 hobgoblins
  2 jackals (D:1)
  2 quokkas (D:1)
  5 ball pythons
  3 frilled lizards
  5 kobolds
  3 rats
50 creatures vanquished.

Notes
Turn   | Place    | Note
-------+----------+-------------------------------------------
     0 | D:1      | BinkBink the Demonspawn Chaos Knight began the quest for
                  | the Orb.
     0 | D:1      | Reached XP level 1. HP: 18/18 MP: 1/1
    65 | D:1      | Found a faded altar of an unknown god.
    80 | D:1      | XOM: potion effect (heal wounds)
    86 | D:1      | Reached skill level 3 in Long Blades
    87 | D:1      | XOM: divination: detect items
   194 | D:1      | Gained mutation: A meltable shield of frost defends you.
                  | (SH +4) [demonic ancestry]
   194 | D:1      | Reached XP level 2. HP: 24/24 MP: 2/2
   289 | D:1      | XOM: silly message
   292 | D:1      | XOM: 2-stop teleportation journey
   376 | D:1      | XOM: summons 2 hostile demons
   377 | D:1      | Noticed a crimson imp
   787 | D:1      | Reached XP level 3. HP: 29/29 MP: 3/3
   971 | D:2      | Reached skill level 4 in Long Blades
  1310 | D:2      | XOM: smoke on damage
  2125 | D:3      | Noticed a water moccasin
  2130 | D:3      | Gained mutation: Your touch may inflict minor irresistible
                  | damage on your foes. [demonic ancestry]
  2130 | D:3      | Reached XP level 4. HP: 26/35 MP: 4/4
  2134 | D:3      | XOM: silly message
  2135 | D:3      | Killed a water moccasin
  2136 | D:3      | Reached skill level 5 in Long Blades
  2136 | D:3      | Reached XP level 5. HP: 4/41 MP: 5/5
  2136 | D:3      | HP: 3/61 [poisoned by a water moccasin]
  2137 | D:3      | HP: 1/61 [poisoned by a water moccasin]
  2138 | D:3      | Succumbed to a water moccasin's poison

Illustrated notes

Levels and vault maps discovered:
D:1:      eino_arrival_druids_welcome, layout_rooms,
          hellmonk_ecumenical_altar_dog_temple
D:2:      layout_basic
D:3:      layout_loops_cross, zin_statuary, lemuel_doored_altar

Skill      XL: |  1  2  3  4 |
---------------+-------------+-----
Long Blades    | 3 4 5 |  5.5
Fighting       | |  3.0
Armour         | |  1.7
Dodging        | |  0.8

Action                   |  1- 3 |  4- 6 || total
-------------------------+-------+-------++-------
Melee: Falchion          |   166 |     2 ||   168
  Use: Potion            |       |     3 ||     3
 Stab: Sleeping          |     1 |       ||     1
Armor: Leather armour    |    92 |     1 ||    93
Dodge: Dodged            |   104 |     3 ||   107
Block: Other             |    31 |       ||    31

Table legend: (Time is in decaauts)
 A = Elapsed time spent in this place.
 B = Non-inter-level travel time spent in this place.
 C = Inter-level travel time spent in this place.
 D = Time resting spent in this place.
 E = Time spent auto-exploring this place.
 F = Levels seen in this place.
 G = Mean time per level.
                   A        B        C        D        E       F      G
               +--------+--------+--------+--------+--------+-----+--------+
         Total |   2156 |   2126 |     30 |      0 |   1683 |   3 |  718.7 |
       Dungeon |   2156 |   2126 |     30 |      0 |   1683 |   3 |  718.7 |
               +--------+--------+--------+--------+--------+-----+--------+

Top non-repeatable levels by time:
     D:2: 1059 daAuts
     D:1: 885 daAuts
     D:3: 210 daAuts
